 Dungeon Crawl Stone Soup version 0.29-a0-819-g94b489e0ae (webtiles) character file.

Game seed: 13424175509867946161

38 xian the Chiller (level 3, -1/22 HPs)
             Began as an Octopode Ice Elementalist on July 6, 2022.
             Slain by a gnoll
             ... wielding a +0 flail
              (7 damage)
             ... on level 2 of the Dungeon.
             The game lasted 00:03:32 (698 turns).

xian the Chiller (Octopode Ice Elementalist)         Turns: 698, Time: 00:03:35

Health: -1/22      AC:  1    Str:  7    XL:     3   Next: 43%
Magic:  3/6        EV: 13    Int: 19    God:
Gold:   26         SH:  0    Dex: 12    Spells: 5/6 levels left

rFire   . . .      SeeInvis .   b - +0 dagger
rCold   . . .      Faith    .   (no shield)
rNeg    . . .      Spirit   .   (helmet restricted)
rPois   .          Reflect  .   (no amulet)
rElec   .          Harm     .   e - ring of wizardry
rCorr   .          Rampage  .   (no ring)
Will    .....                   (no ring)
Stlth   +++.......              (no ring)
HPRegen 0.07/turn               (no ring)
MPRegen 0.10/turn               (no ring)
                                (no ring)
                                (no ring)

@: no status effects
A: almost no armour, amphibious, 8 rings, camouflage 1, gelatinous body 1,
(nimble swimmer 1), tentacles
a: no special abilities


You were on level 2 of the Dungeon.
You visited 1 branch of the dungeon, and saw 2 of its levels.

You collected 26 gold pieces.

Inventory:

Hand Weapons
 b - a +0 dagger (weapon)
Jewellery
 e - a ring of wizardry (left tentacle)
Scrolls
 c - a scroll of silence {unknown}
Potions
 a - a potion of magic
 d - a potion of heal wounds


   Skills:
 + Level 0.4 Fighting
 + Level 0.2 Short Blades
 + Level 2.0 Dodging
 + Level 3.1 Stealth
 + Level 2.3 Spellcasting
 + Level 4.6 Ice Magic


You had 5 spell levels left.
You knew the following spells:

 Your Spells              Type           Power      Damage    Failure   Level
a - Freeze                Ice            76%        1d9       1%          1

Your spell library contained the following spells:

 Spells                   Type           Power      Damage    Failure   Level
 Frozen Ramparts          Ice            38%        1d5       3%          3
 Ozocubu's Armour         Ice            19%        N/A       3%          3
 Hailstorm                Conj/Ice       11%        3d5       26%         4


Dungeon Overview and Level Annotations

Branches:
Dungeon (1/15)

Altars:


Innate Abilities, Weirdness & Mutations

You cannot wear most types of armour.
You are amphibious.
You can wear up to eight rings at the same time.
Your skin changes colour to match your surroundings (Stealth+).
Your rubbery body absorbs attacks. (AC +1, EV +1)
((You are camouflaged when in or above water. (Stealth+)))
You have tentacles for arms and can constrict up to eight enemies at once.


Message History

There is an escape hatch in the ceiling here.
Found a stone staircase leading down.
You are now empty-tentacled.
There is a stone staircase leading down here. 2 gnolls come into view.
There are monsters nearby!
b - a +0 dagger (weapon)
The gnoll shouts!
You hear a shout!
A gnoll comes into view. It is wielding a +1 vorpal spear.
Found a scroll labelled HESHIR UVA UMU.
A gnoll comes into view. It is wielding a +0 whip.
The gnoll shouts!
You see here a bat skeleton.
You freeze the gnoll.
The gnoll is moderately wounded.
The gnoll closely misses you. The gnoll barely misses you.
You freeze the gnoll.
The gnoll is heavily wounded.
The gnoll hits you with a +0 flail!
The gnoll hits you from afar with a +0 spear.
You are too injured to fight recklessly!
You are too injured to fight recklessly!
You are too injured to fight recklessly!
You are too injured to fight recklessly!
Unknown command.
You hit the gnoll but do no damage. Your grab misses the gnoll.
The gnoll is heavily wounded.
The gnoll hits you with a +0 flail.
* * * LOW HITPOINT WARNING * * *
The gnoll closely misses you.
Okay, then.
You are too injured to fight recklessly!
You are too injured to fight recklessly!
Aiming: Freeze (safe; 1% risk of failure)
Press: ? - help, Q - select action Shift-Dir - straight line, f/p - gnoll
Aim: a gnoll, wielding a +0 flail (heavily wounded)
You freeze the gnoll.
The gnoll is heavily wounded.
The gnoll hits you with a +0 flail!
You die...

#.[.#..........####
##.................
##................
##......÷...#....
##..............
#.........#....
##..............
######g.........###..
##...@gg.........###..
#...####..÷.....#.....
##### #........#..g..
#.............g
#........#...PP
#........#..PPP
#........##...g
#........# .P..
#........# ^P..


You could see 3 gnolls.

Vanquished Creatures
  An adder (D:2)
  2 worms (D:2)
  2 dart slugs (D:2)
  4 bats (D:2)
  2 endoplasms (D:2)
  2 jackals (D:2)
  A kobold (D:2)
  3 ball pythons (D:2)
  A frilled lizard (D:2)
  2 rats (D:2)
20 creatures vanquished.

Vanquished Creatures (others)
  2 plants (D:2)
2 creatures vanquished.

Grand Total: 22 creatures vanquished

Notes
Turn   | Place    | Note
-------+----------+-------------------------------------------
     0 | D:1      | xian the Octopode Ice Elementalist began the quest for the
                  | Orb.
     0 | D:1      | Reached XP level 1. HP: 11/11 MP: 3/3
    21 | D:1      | You fall into a shaft and drop 1 floor!
   129 | D:2      | Reached XP level 2. HP: 15/17 MP: 1/5
   420 | D:2      | Reached XP level 3. HP: 17/22 MP: 1/6
   698 | D:2      | Slain by a gnoll

Illustrated notes

Levels and vault maps discovered:
D:1:      wheals_arrival_linesprint, layout_basic,
          dreamdust_ecumenical_altar_statues, minmay_domino_4
D:2:      layout_rooms, corexii_hall_statues_l, nicolae_grassy_gnolls

Skill      XL: |  1  2 |
---------------+-------+-----
Stealth        | 3 |  3.1
Fighting       | |  0.4
Short Blades   | |  0.2
Dodging        | |  2.0
Spellcasting   | |  2.3
Ice Magic      | |  4.6

Action                   || total
-------------------------++-------
Melee: Dagger            ||    21
       Tentacles         ||     6
       Constrict         ||     7
 Cast: Freeze            ||    24
  Use: Scroll            ||     1
 Stab: Sleeping          ||     3
Armor: Skin              ||     6
Dodge: Dodged            ||    29

Table legend: (Time is in decaauts)
 A = Elapsed time spent in this place.
 B = Non-inter-level travel time spent in this place.
 C = Inter-level travel time spent in this place.
 D = Time resting spent in this place.
 E = Time spent auto-exploring this place.
 F = Levels seen in this place.
 G = Mean time per level.
                   A        B        C        D        E       F      G
               +--------+--------+--------+--------+--------+-----+--------+
         Total |    695 |    695 |      0 |      0 |    521 |   2 |  347.5 |
       Dungeon |    695 |    695 |      0 |      0 |    521 |   2 |  347.5 |
               +--------+--------+--------+--------+--------+-----+--------+

Top non-repeatable levels by time:
     D:2: 674 daAuts
     D:1: 21 daAuts
